Penguins vs Blues

Created - February 11, 2024 at 11:24

Goals
1 2 3 OT1 SO T
Penguins 1 0 0 0 0 1
Blues 1 0 0 0 1 2
Shots
1 2 3 OT1 SO T
Penguins 11 10 9 4 3 34
Blues 5 10 7 0 2 22

GoalsPenalties
1st period
1. Blues , Craig Smith 4 (Marcus Johansson 4, Cale Makar 42) at 1:22
2. Penguins , Justin Faulk 11 (Logan O'Connor 7, Devon Toews 22) at 7:04
Kevin Fiala (PIT) for Roughing (Minor) at 11:49
Carson Soucy (STL) for Slashing (Minor) at 17:52
2nd period
No Goal
Aliaksei Protas (PIT) for Hooking (Minor) at 7:28
Jacob Trouba (STL) for Holding (Minor) at 13:38
3rd period
No Goal
Curtis Lazar (STL) for Roughing (Minor) at 5:02
Jeff Petry (PIT) for High sticking (Minor) at 9:54
Matt Roy (PIT) for Interference (Minor) at 13:57
Josh Anderson (PIT) for Roughing (Minor) at 16:19
Overtime #1
No Goal
Shootout
Penguins, Kevin Fiala - Stopped by Kevin Lankinen
Blues, Jack Eichel - Goal!
Penguins, Cole Caufield - Stopped by Kevin Lankinen
Blues, Clayton Keller - Shot Misses the Net
Penguins, Josh Anderson - Stopped by Kevin Lankinen
Goalie Stats
Thatcher Demko (PIT), 21 saves from 22 shots - (0.955), OTL, 11-9-4, 65:00 minutes
Kevin Lankinen (STL), 33 saves from 34 shots - (0.971), W, 10-6-3, 65:00 minutes
3 StarsOfficial
1 - Kevin Lankinen (STL)
2 - Craig Smith (STL)
3 - Justin Faulk (PIT)
Referees : Terry Koharski and Tim Mayer
Linesman : Jonny Murray and Luke Murray
Game Note
Auston Matthews is injured at 9:58 of 1st period (Strained Left Elbow)
Finance
Level 1 -- Attendance: 5631 (86.63%) -- Ticket Income $591,255
Level 2 -- Attendance: 4741 (94.82%) -- Ticket Income $355,575
Level 3 -- Attendance: 3270 (93.43%) -- Ticket Income $163,500
Level 4 -- Attendance: 1562 (100.00%) -- Ticket Income $60,918
Luxury Box -- Attendance: 940 (94.00%) -- Ticket Income $187,060
Game was played at the Scottrade Center.
Total Attendance: 16144 (91.93%)
Total Ticket Income: $1,358,308
Other Income: $339,577
Total Income: $1,697,885



Team Name Goals Shots Shots Attemp Shots Blocked PIM HIT PP PK FO%
Penguins 13465710210 / 3 (0%)051%
Blues 22243116110 / 5 (0%)049%

Penguins
Player Name POS G A P +/- PIM HIT SHT SB MP PP MP PP SHT PK MP PK SHT FO% FOT
Aliaksei ProtasC000-1202018:281:5412:16055% 22
Cole CaufieldRW0000020018:263:2300:0000% 0
Devon ToewsD0111010227:184:0705:5000% 0
Henri JokiharjuD0000031113:460:0300:0000% 0
Jeff PetryD000-1223020:481:5413:1900% 0
Josh AndersonRW000-1227017:471:5420:000100% 3
Julien GauthierRW000000000:490:4000:0000% 0
Justin FaulkD1011003227:554:0025:5000% 0
Kevin FialaLW0001215027:583:2305:252100% 6
Logan O'ConnorRW011102007:240:4001:4800% 0
Mathew DumbaD000-1000020:401:4704:0500% 0
Matt RoyD0000212014:310:0300:4600% 0
Oskar LindblomLW000-1003219:531:5423:4900% 1
Phil KesselRW0000002014:500:0000:0000% 1
Rem PitlickC0000002013:060:0000:00054% 13
Rudolfs BalcersLW0000051013:460:4000:000100% 1
Ryan PoehlingC000100004:080:0000:00025% 4
Seth JarvisC0000023023:273:2316:32040% 35
Blues
Player Name POS G A P +/- PIM HIT SHT SB MP PP MP PP SHT PK MP PK SHT FO% FOT
Anthony DeAngeloD000-1000013:292:1401:0200% 0
Auston MatthewsC000-101003:180:0000:0000% 0
Cale MakarD0111002227:395:2112:5400% 0
Carson SoucyD000-1211110:120:0000:0000% 0
Clayton KellerRW0000015227:234:3911:28050% 2
Craig SmithC1011001016:425:5701:23040% 10
Curtis LazarC0000210015:324:2402:56075% 16
Evan RodriguesC0000001010:021:3900:1000% 2
Filip HronekD0000001218:590:0002:2500% 0
Jack EichelC0000001016:495:3100:00054% 13
Jacob TroubaD0000210220:530:0001:2300% 0
Kris LetangD0001021126:264:5504:1000% 0
Logan CoutureC000-1023021:594:4110:0000% 1
Marcus JohanssonLW0111000016:020:5000:5400% 0
Miles WoodLW000001008:130:0000:0000% 0
Nico HischierC000-1002124:405:0001:28039% 28
Sean MonahanC0001000012:570:0003:35057% 7
Yanni GourdeC0000014017:454:2420:00043% 7



Play-by-Play

1st period


0:01 of 1st period - Seth Jarvis wins face-off versus Nico Hischier in neutral zone.
0:14 of 1st period - Shot by Kevin Fiala.
0:14 of 1st period - Stopped by Kevin Lankinen without a rebound.
0:15 of 1st period - Aliaksei Protas wins face-off versus Jack Eichel in Blues zone.
0:46 of 1st period - Shot by Josh Anderson.
0:46 of 1st period - Shot Misses the Net.
1:20 of 1st period - Shot by Marcus Johansson.
1:20 of 1st period - Shot Misses the Net.
1:22 of 1st period - Shot by Craig Smith.
1:22 of 1st period - Goal by Craig Smith - Penguins : 0 - Blues : 1.
1:23 of 1st period - Rem Pitlick wins face-off versus Nico Hischier in neutral zone.
1:57 of 1st period - Icing by Henri Jokiharju.
1:58 of 1st period - Curtis Lazar wins face-off versus Phil Kessel in Penguins zone.
2:38 of 1st period - Seth Jarvis is hit by Miles Wood and loses puck.
3:28 of 1st period - Icing by Kevin Fiala.
3:29 of 1st period - Nico Hischier wins face-off versus Seth Jarvis in Penguins zone.
4:09 of 1st period - Shot by Jeff Petry.
4:09 of 1st period - Stopped by Kevin Lankinen with a rebound.
4:11 of 1st period - Shot by Aliaksei Protas.
4:11 of 1st period - Stopped by Kevin Lankinen without a rebound.
4:12 of 1st period - Jack Eichel wins face-off versus Rem Pitlick in Blues zone.
4:12 of 1st period - Jack Eichel is hit by Rudolfs Balcers.
4:17 of 1st period - Clayton Keller is hit by Rudolfs Balcers and loses puck.
4:50 of 1st period - Shot by Clayton Keller.
4:50 of 1st period - Shot Blocked by Henri Jokiharju.
5:16 of 1st period - Jeff Petry is hit by Yanni Gourde and loses puck.
5:37 of 1st period - Shot by Josh Anderson.
5:37 of 1st period - Shot Blocked by Jacob Trouba.
5:39 of 1st period - Shot by Oskar Lindblom.
5:39 of 1st period - Shot Misses the Net.
5:43 of 1st period - Shot by Oskar Lindblom.
5:43 of 1st period - Stopped by Kevin Lankinen with a rebound.
6:23 of 1st period - Shot by Marcus Johansson.
6:23 of 1st period - Shot Misses the Net.
6:25 of 1st period - Shot by Kris Letang.
6:25 of 1st period - Shot Blocked by Devon Toews.
6:38 of 1st period - Icing by Logan O'Connor.
6:39 of 1st period - Nico Hischier wins face-off versus Ryan Poehling in Penguins zone.
7:02 of 1st period - Shot by Logan O'Connor.
7:02 of 1st period - Shot Blocked by Nico Hischier.
7:04 of 1st period - Shot by Justin Faulk.
7:04 of 1st period - Goal by Justin Faulk - Penguins : 1 - Blues : 1.
7:05 of 1st period - Rudolfs Balcers wins face-off versus Curtis Lazar in neutral zone.
7:14 of 1st period - Shot by Rem Pitlick.
7:14 of 1st period - Deflect By Rudolfs Balcers.
7:14 of 1st period - Shot Misses the Net.
7:16 of 1st period - Shot by Rudolfs Balcers.
7:16 of 1st period - Stopped by Kevin Lankinen without a rebound.
7:17 of 1st period - Nico Hischier wins face-off versus Rem Pitlick in Blues zone.
7:35 of 1st period - Shot by Logan Couture.
7:35 of 1st period - Stopped by Thatcher Demko without a rebound.
7:36 of 1st period - Sean Monahan wins face-off versus Seth Jarvis in Penguins zone.
8:15 of 1st period - Kris Letang is hit by Kevin Fiala and loses puck.
8:33 of 1st period - Off-side.
8:34 of 1st period - Aliaksei Protas wins face-off versus Nico Hischier in neutral zone.
8:36 of 1st period - Off-side.
8:37 of 1st period - Nico Hischier wins face-off versus Aliaksei Protas in neutral zone.
8:40 of 1st period - Josh Anderson is hit by Auston Matthews and loses puck.
8:59 of 1st period - Shot by Matt Roy.
8:59 of 1st period - Stopped by Kevin Lankinen with a rebound.
9:01 of 1st period - Shot by Matt Roy.
9:01 of 1st period - Stopped by Kevin Lankinen without a rebound.
9:02 of 1st period - Rem Pitlick wins face-off versus Jack Eichel in Blues zone.
9:19 of 1st period - Shot by Rem Pitlick.
9:19 of 1st period - Shot Blocked by Clayton Keller.
9:31 of 1st period - Shot by Phil Kessel.
9:31 of 1st period - Stopped by Kevin Lankinen with a rebound.
9:33 of 1st period - Shot by Rem Pitlick.
9:33 of 1st period - Shot Hit the Post.
9:35 of 1st period - Shot by Rem Pitlick.
9:35 of 1st period - Stopped by Kevin Lankinen without a rebound.
9:36 of 1st period - Nico Hischier wins face-off versus Seth Jarvis in Blues zone.
9:47 of 1st period - Nico Hischier is hit by Matt Roy and loses puck.
9:57 of 1st period - Auston Matthews is hit by Henri Jokiharju and loses puck.
9:58 of 1st period - Auston Matthews from Blues is injured at 9:58 of 1st period (Strained Left Elbow).
9:59 of 1st period - Sean Monahan wins face-off versus Aliaksei Protas in Penguins zone.
10:51 of 1st period - Off-side.
10:52 of 1st period - Seth Jarvis wins face-off versus Nico Hischier in neutral zone.
10:58 of 1st period - Shot by Jeff Petry.
10:58 of 1st period - Stopped by Kevin Lankinen without a rebound.
10:59 of 1st period - Kevin Fiala wins face-off versus Jack Eichel in Blues zone.
11:27 of 1st period - Icing by Matt Roy.
11:28 of 1st period - Nico Hischier wins face-off versus Seth Jarvis in Penguins zone.
11:49 of 1st period - Minor Penalty to Kevin Fiala for Roughing.
11:50 of 1st period - Seth Jarvis wins face-off versus Yanni Gourde in Penguins zone.
12:31 of 1st period - Shot by Cale Makar.
12:31 of 1st period - Shot Blocked by Justin Faulk.
12:38 of 1st period - Icing by Nico Hischier.
12:39 of 1st period - Yanni Gourde wins face-off versus Seth Jarvis in Blues zone.
12:57 of 1st period - Icing by Logan Couture.
12:58 of 1st period - Seth Jarvis wins face-off versus Evan Rodrigues in Blues zone.
13:25 of 1st period - Shot by Kris Letang.
13:25 of 1st period - Shot Blocked by Oskar Lindblom.
13:29 of 1st period - Shot by Clayton Keller.
13:29 of 1st period - Stopped by Thatcher Demko without a rebound.
13:30 of 1st period - Yanni Gourde wins face-off versus Seth Jarvis in Penguins zone.
13:55 of 1st period - Sean Monahan is hit by Rudolfs Balcers and loses puck.
14:24 of 1st period - Shot by Rudolfs Balcers.
14:24 of 1st period - Shot Blocked by Jacob Trouba.
14:49 of 1st period - Icing by Jeff Petry.
14:50 of 1st period - Ryan Poehling wins face-off versus Jack Eichel in Penguins zone.
15:01 of 1st period - Shot by Yanni Gourde.
15:01 of 1st period - Shot Misses the Net.
15:13 of 1st period - Shot by Clayton Keller.
15:13 of 1st period - Stopped by Thatcher Demko with a rebound.
15:15 of 1st period - Shot by Yanni Gourde.
15:15 of 1st period - Stopped by Thatcher Demko without a rebound.
15:16 of 1st period - Aliaksei Protas wins face-off versus Nico Hischier in Penguins zone.
15:49 of 1st period - Justin Faulk is hit by Clayton Keller and loses puck.
16:10 of 1st period - Shot by Miles Wood.
16:10 of 1st period - Shot Misses the Net.
16:56 of 1st period - Jeff Petry is hit by Jacob Trouba and loses puck.
17:52 of 1st period - Minor Penalty to Carson Soucy for Slashing.
17:53 of 1st period - Nico Hischier wins face-off versus Aliaksei Protas in Blues zone.
18:01 of 1st period - Off-side.
18:02 of 1st period - Aliaksei Protas wins face-off versus Nico Hischier in neutral zone.
18:25 of 1st period - Shot by Justin Faulk.
18:25 of 1st period - Shot Blocked by Filip Hronek.
18:27 of 1st period - Shot by Devon Toews.
18:27 of 1st period - Shot Misses the Net.
18:31 of 1st period - Shot by Justin Faulk.
18:31 of 1st period - Shot Misses the Net.
Goals for this period are 1 for Penguins vs 1 for Blues.
Shots for this period are 11 for Penguins vs 5 for Blues.

2nd period


0:01 of 2nd period - Jack Eichel wins face-off versus Seth Jarvis in neutral zone.
0:08 of 2nd period - Shot by Kris Letang.
0:08 of 2nd period - Stopped by Thatcher Demko with a rebound.
0:13 of 2nd period - Devon Toews is hit by Kris Letang and loses puck.
0:18 of 2nd period - Shot by Seth Jarvis.
0:18 of 2nd period - Stopped by Kevin Lankinen without a rebound.
0:19 of 2nd period - Nico Hischier wins face-off versus Aliaksei Protas in Blues zone.
0:51 of 2nd period - Shot by Clayton Keller.
0:51 of 2nd period - Stopped by Thatcher Demko without a rebound.
0:52 of 2nd period - Curtis Lazar wins face-off versus Seth Jarvis in Penguins zone.
1:13 of 2nd period - Shot by Evan Rodrigues.
1:13 of 2nd period - Stopped by Thatcher Demko without a rebound.
1:14 of 2nd period - Sean Monahan wins face-off versus Rem Pitlick in Penguins zone.
1:23 of 2nd period - Shot by Carson Soucy.
1:23 of 2nd period - Stopped by Thatcher Demko without a rebound.
1:24 of 2nd period - Jack Eichel wins face-off versus Seth Jarvis in Penguins zone.
1:57 of 2nd period - Cale Makar is hit by Cole Caufield.
2:05 of 2nd period - Shot by Justin Faulk.
2:05 of 2nd period - Shot Hit the Post.
2:26 of 2nd period - Icing by Aliaksei Protas.
2:27 of 2nd period - Nico Hischier wins face-off versus Oskar Lindblom in Penguins zone.
2:27 of 2nd period - Nico Hischier is hit by Henri Jokiharju.
2:40 of 2nd period - Nico Hischier is hit by Henri Jokiharju and loses puck.
2:57 of 2nd period - Shot by Josh Anderson.
2:57 of 2nd period - Stopped by Kevin Lankinen with a rebound.
2:59 of 2nd period - Shot by Josh Anderson.
2:59 of 2nd period - Stopped by Kevin Lankinen with a rebound.
3:05 of 2nd period - Shot by Henri Jokiharju.
3:05 of 2nd period - Shot Misses the Net.
4:11 of 2nd period - Shot by Seth Jarvis.
4:11 of 2nd period - Shot Misses the Net.
4:38 of 2nd period - Logan Couture is hit by Seth Jarvis and loses puck.
4:45 of 2nd period - Shot by Seth Jarvis.
4:45 of 2nd period - Stopped by Kevin Lankinen without a rebound.
4:46 of 2nd period - Jack Eichel wins face-off versus Aliaksei Protas in Blues zone.
4:48 of 2nd period - Icing by Cale Makar.
4:49 of 2nd period - Jack Eichel wins face-off versus Aliaksei Protas in Blues zone.
5:10 of 2nd period - Shot by Josh Anderson.
5:10 of 2nd period - Shot Misses the Net.
5:24 of 2nd period - Shot by Aliaksei Protas.
5:24 of 2nd period - Shot Misses the Net.
5:26 of 2nd period - Shot by Josh Anderson.
5:26 of 2nd period - Stopped by Kevin Lankinen without a rebound.
5:27 of 2nd period - Curtis Lazar wins face-off versus Ryan Poehling in Blues zone.
5:50 of 2nd period - Shot by Devon Toews.
5:50 of 2nd period - Shot Misses the Net.
6:42 of 2nd period - Shot by Jack Eichel.
6:42 of 2nd period - Shot Misses the Net.
6:54 of 2nd period - Shot by Clayton Keller.
6:54 of 2nd period - Shot Misses the Net.
6:56 of 2nd period - Shot by Kris Letang.
6:56 of 2nd period - Shot Misses the Net.
7:04 of 2nd period - Shot by Jack Eichel.
7:04 of 2nd period - Stopped by Thatcher Demko with a rebound.
7:06 of 2nd period - Shot by Yanni Gourde.
7:06 of 2nd period - Stopped by Thatcher Demko without a rebound.
7:07 of 2nd period - Aliaksei Protas wins face-off versus Sean Monahan in Penguins zone.
7:28 of 2nd period - Minor Penalty to Aliaksei Protas for Hooking.
7:29 of 2nd period - Seth Jarvis wins face-off versus Craig Smith in Penguins zone.
8:13 of 2nd period - Icing by Logan Couture.
8:14 of 2nd period - Seth Jarvis wins face-off versus Craig Smith in Blues zone.
8:48 of 2nd period - Yanni Gourde is hit by Jeff Petry.
8:54 of 2nd period - Shot by Cale Makar.
8:54 of 2nd period - Shot Blocked by Oskar Lindblom.
8:56 of 2nd period - Shot by Cale Makar.
8:56 of 2nd period - Shot Misses the Net.
8:58 of 2nd period - Shot by Yanni Gourde.
8:58 of 2nd period - Stopped by Thatcher Demko without a rebound.
8:59 of 2nd period - Craig Smith wins face-off versus Seth Jarvis in Penguins zone.
9:09 of 2nd period - Off-side.
9:10 of 2nd period - Yanni Gourde wins face-off versus Seth Jarvis in neutral zone.
9:10 of 2nd period - Nico Hischier is hit by Seth Jarvis and loses puck.
9:38 of 2nd period - Icing by Mathew Dumba.
9:39 of 2nd period - Aliaksei Protas wins face-off versus Sean Monahan in Penguins zone.
10:18 of 2nd period - Shot by Oskar Lindblom.
10:18 of 2nd period - Shot Blocked by Carson Soucy.
11:09 of 2nd period - Icing by Justin Faulk.
11:10 of 2nd period - Rem Pitlick wins face-off versus Nico Hischier in Penguins zone.
11:31 of 2nd period - Shot by Nico Hischier.
11:31 of 2nd period - Stopped by Thatcher Demko without a rebound.
11:32 of 2nd period - Seth Jarvis wins face-off versus Curtis Lazar in Penguins zone.
11:55 of 2nd period - Shot by Kevin Fiala.
11:55 of 2nd period - Shot Misses the Net.
12:22 of 2nd period - Icing by Cale Makar.
12:23 of 2nd period - Aliaksei Protas wins face-off versus Evan Rodrigues in Blues zone.
12:54 of 2nd period - Shot by Clayton Keller.
12:54 of 2nd period - Stopped by Thatcher Demko without a rebound.
12:55 of 2nd period - Nico Hischier wins face-off versus Rem Pitlick in Penguins zone.
12:57 of 2nd period - Clayton Keller is hit by Devon Toews and loses puck.
13:27 of 2nd period - Off-side.
13:28 of 2nd period - Seth Jarvis wins face-off versus Sean Monahan in neutral zone.
13:38 of 2nd period - Minor Penalty to Jacob Trouba for Holding.
13:39 of 2nd period - Curtis Lazar wins face-off versus Seth Jarvis in Blues zone.
13:44 of 2nd period - Shot by Jeff Petry.
13:44 of 2nd period - Stopped by Kevin Lankinen without a rebound.
13:45 of 2nd period - Seth Jarvis wins face-off versus Curtis Lazar in Blues zone.
13:56 of 2nd period - Shot by Devon Toews.
13:56 of 2nd period - Shot Misses the Net.
13:58 of 2nd period - Shot by Devon Toews.
13:58 of 2nd period - Shot Blocked by Kris Letang.
14:00 of 2nd period - Shot by Devon Toews.
14:00 of 2nd period - Shot Blocked by Filip Hronek.
14:02 of 2nd period - Shot by Justin Faulk.
14:02 of 2nd period - Stopped by Kevin Lankinen without a rebound.
14:03 of 2nd period - Curtis Lazar wins face-off versus Aliaksei Protas in Blues zone.
14:18 of 2nd period - Shot by Oskar Lindblom.
14:18 of 2nd period - Stopped by Kevin Lankinen without a rebound.
14:19 of 2nd period - Seth Jarvis wins face-off versus Nico Hischier in Blues zone.
14:35 of 2nd period - Icing by Devon Toews.
14:36 of 2nd period - Curtis Lazar wins face-off versus Seth Jarvis in Penguins zone.
14:40 of 2nd period - Icing by Justin Faulk.
14:41 of 2nd period - Curtis Lazar wins face-off versus Seth Jarvis in Penguins zone.
14:45 of 2nd period - Icing by Justin Faulk.
14:46 of 2nd period - Curtis Lazar wins face-off versus Seth Jarvis in Penguins zone.
15:25 of 2nd period - Shot by Devon Toews.
15:25 of 2nd period - Shot Misses the Net.
15:27 of 2nd period - Shot by Justin Faulk.
15:27 of 2nd period - Stopped by Kevin Lankinen without a rebound.
15:28 of 2nd period - Aliaksei Protas wins face-off versus Nico Hischier in Blues zone.
15:40 of 2nd period - Icing by Henri Jokiharju.
15:41 of 2nd period - Rem Pitlick wins face-off versus Nico Hischier in Penguins zone.
15:41 of 2nd period - Rem Pitlick is hit by Logan Couture.
17:22 of 2nd period - Shot by Sean Monahan.
17:22 of 2nd period - Shot Blocked by Devon Toews.
17:27 of 2nd period - Off-side.
17:28 of 2nd period - Curtis Lazar wins face-off versus Aliaksei Protas in neutral zone.
17:39 of 2nd period - Shot by Miles Wood.
17:39 of 2nd period - Shot Misses the Net.
18:02 of 2nd period - Off-side.
18:03 of 2nd period - Rem Pitlick wins face-off versus Jack Eichel in neutral zone.
18:10 of 2nd period - Icing by Jack Eichel.
18:11 of 2nd period - Jack Eichel wins face-off versus Rem Pitlick in Blues zone.
18:11 of 2nd period - Yanni Gourde is hit by Rudolfs Balcers and loses puck.
18:24 of 2nd period - Shot by Rem Pitlick.
18:24 of 2nd period - Stopped by Kevin Lankinen without a rebound.
18:25 of 2nd period - Nico Hischier wins face-off versus Seth Jarvis in Blues zone.
18:40 of 2nd period - Shot by Clayton Keller.
18:40 of 2nd period - Stopped by Thatcher Demko with a rebound.
18:55 of 2nd period - Kevin Fiala is hit by Kris Letang and loses puck.
19:04 of 2nd period - Nico Hischier is hit by Cole Caufield and loses puck.
19:20 of 2nd period - Nico Hischier is hit by Josh Anderson and loses puck.
Goals for this period are 0 for Penguins vs 0 for Blues.
Shots for this period are 10 for Penguins vs 10 for Blues.

3rd period


0:01 of 3rd period - Kevin Fiala wins face-off versus Jack Eichel in neutral zone.
1:20 of 3rd period - Shot by Josh Anderson.
1:20 of 3rd period - Stopped by Kevin Lankinen without a rebound.
1:21 of 3rd period - Rem Pitlick wins face-off versus Curtis Lazar in Blues zone.
1:21 of 3rd period - Rem Pitlick is hit by Carson Soucy.
2:59 of 3rd period - Nico Hischier is hit by Logan O'Connor.
5:02 of 3rd period - Minor Penalty to Curtis Lazar for Roughing.
5:03 of 3rd period - Craig Smith wins face-off versus Seth Jarvis in Blues zone.
6:05 of 3rd period - Shot by Josh Anderson.
6:05 of 3rd period - Stopped by Kevin Lankinen without a rebound.
6:06 of 3rd period - Aliaksei Protas wins face-off versus Craig Smith in Blues zone.
6:23 of 3rd period - Shot by Mathew Dumba.
6:23 of 3rd period - Shot Blocked by Cale Makar.
6:25 of 3rd period - Shot by Oskar Lindblom.
6:25 of 3rd period - Stopped by Kevin Lankinen with a rebound.
6:27 of 3rd period - Shot by Josh Anderson.
6:27 of 3rd period - Stopped by Kevin Lankinen with a rebound.
6:29 of 3rd period - Shot by Aliaksei Protas.
6:29 of 3rd period - Stopped by Kevin Lankinen without a rebound.
6:30 of 3rd period - Kevin Fiala wins face-off versus Craig Smith in Blues zone.
6:57 of 3rd period - Shot by Seth Jarvis.
6:57 of 3rd period - Stopped by Kevin Lankinen without a rebound.
6:58 of 3rd period - Craig Smith wins face-off versus Aliaksei Protas in Blues zone.
7:37 of 3rd period - Yanni Gourde is hit by Rudolfs Balcers and loses puck.
7:45 of 3rd period - Icing by Yanni Gourde.
7:46 of 3rd period - Jack Eichel wins face-off versus Seth Jarvis in Blues zone.
8:29 of 3rd period - Shot by Cale Makar.
8:29 of 3rd period - Stopped by Thatcher Demko without a rebound.
8:30 of 3rd period - Josh Anderson wins face-off versus Nico Hischier in Penguins zone.
8:52 of 3rd period - Icing by Cale Makar.
8:53 of 3rd period - Rem Pitlick wins face-off versus Nico Hischier in Blues zone.
8:56 of 3rd period - Shot by Phil Kessel.
8:56 of 3rd period - Shot Blocked by Cale Makar.
8:58 of 3rd period - Shot by Henri Jokiharju.
8:58 of 3rd period - Stopped by Kevin Lankinen without a rebound.
8:59 of 3rd period - Curtis Lazar wins face-off versus Ryan Poehling in Blues zone.
8:59 of 3rd period - Curtis Lazar is hit by Logan O'Connor.
9:04 of 3rd period - Off-side.
9:05 of 3rd period - Clayton Keller wins face-off versus Seth Jarvis in neutral zone.
9:39 of 3rd period - Shot by Nico Hischier.
9:39 of 3rd period - Stopped by Thatcher Demko without a rebound.
9:40 of 3rd period - Sean Monahan wins face-off versus Aliaksei Protas in Penguins zone.
9:54 of 3rd period - Minor Penalty to Jeff Petry for High sticking.
9:55 of 3rd period - Seth Jarvis wins face-off versus Logan Couture in Penguins zone.
9:55 of 3rd period - Seth Jarvis is hit by Logan Couture.
10:07 of 3rd period - Shot by Kevin Fiala.
10:07 of 3rd period - Stopped by Kevin Lankinen with a rebound.
10:09 of 3rd period - Shot by Matt Roy.
10:09 of 3rd period - Deflect By Kevin Fiala.
10:09 of 3rd period - Stopped by Kevin Lankinen without a rebound.
10:10 of 3rd period - Curtis Lazar wins face-off versus Seth Jarvis in Blues zone.
10:37 of 3rd period - Shot by Yanni Gourde.
10:37 of 3rd period - Shot Misses the Net.
10:39 of 3rd period - Shot by Yanni Gourde.
10:39 of 3rd period - Stopped by Thatcher Demko without a rebound.
10:40 of 3rd period - Seth Jarvis wins face-off versus Craig Smith in Penguins zone.
10:53 of 3rd period - Shot by Logan Couture.
10:53 of 3rd period - Shot Misses the Net.
13:05 of 3rd period - Nico Hischier is hit by Josh Anderson and loses puck.
13:57 of 3rd period - Minor Penalty to Matt Roy for Interference.
13:58 of 3rd period - Seth Jarvis wins face-off versus Craig Smith in Penguins zone.
14:28 of 3rd period - Icing by Cale Makar.
14:29 of 3rd period - Craig Smith wins face-off versus Seth Jarvis in Blues zone.
14:29 of 3rd period - Craig Smith is hit by Jeff Petry.
14:43 of 3rd period - Shot by Cale Makar.
14:43 of 3rd period - Stopped by Thatcher Demko with a rebound.
15:16 of 3rd period - Shot by Nico Hischier.
15:16 of 3rd period - Deflect By Logan Couture.
15:16 of 3rd period - Stopped by Thatcher Demko without a rebound.
15:17 of 3rd period - Aliaksei Protas wins face-off versus Yanni Gourde in Penguins zone.
15:32 of 3rd period - Shot by Craig Smith.
15:32 of 3rd period - Shot Misses the Net.
15:42 of 3rd period - Jeff Petry is hit by Curtis Lazar and loses puck.
15:47 of 3rd period - Shot by Kris Letang.
15:47 of 3rd period - Deflect By Yanni Gourde.
15:47 of 3rd period - Shot Misses the Net.
15:57 of 3rd period - Shot by Logan Couture.
15:57 of 3rd period - Stopped by Thatcher Demko without a rebound.
15:58 of 3rd period - Curtis Lazar wins face-off versus Rem Pitlick in Penguins zone.
16:05 of 3rd period - Shot by Filip Hronek.
16:05 of 3rd period - Stopped by Thatcher Demko without a rebound.
16:06 of 3rd period - Aliaksei Protas wins face-off versus Nico Hischier in Penguins zone.
16:10 of 3rd period - Icing by Henri Jokiharju.
16:11 of 3rd period - Aliaksei Protas wins face-off versus Nico Hischier in Penguins zone.
16:19 of 3rd period - Minor Penalty to Josh Anderson for Roughing.
16:20 of 3rd period - Seth Jarvis wins face-off versus Clayton Keller in Penguins zone.
17:28 of 3rd period - Shot by Anthony DeAngelo.
17:28 of 3rd period - Shot Misses the Net.
Goals for this period are 0 for Penguins vs 0 for Blues.
Shots for this period are 9 for Penguins vs 7 for Blues.

Overtime #1


0:01 of 1st overtime period - Kevin Fiala wins face-off versus Nico Hischier in neutral zone.
0:04 of 1st overtime period - Shot by Justin Faulk.
0:04 of 1st overtime period - Shot Misses the Net.
0:06 of 1st overtime period - Shot by Justin Faulk.
0:06 of 1st overtime period - Shot Misses the Net.
0:08 of 1st overtime period - Shot by Kevin Fiala.
0:08 of 1st overtime period - Stopped by Kevin Lankinen with a rebound.
0:18 of 1st overtime period - Shot by Cole Caufield.
0:18 of 1st overtime period - Shot Misses the Net.
0:20 of 1st overtime period - Shot by Justin Faulk.
0:20 of 1st overtime period - Shot Misses the Net.
0:43 of 1st overtime period - Off-side.
0:44 of 1st overtime period - Josh Anderson wins face-off versus Yanni Gourde in neutral zone.
1:27 of 1st overtime period - Shot by Josh Anderson.
1:27 of 1st overtime period - Stopped by Kevin Lankinen without a rebound.
1:28 of 1st overtime period - Kevin Fiala wins face-off versus Nico Hischier in Blues zone.
1:33 of 1st overtime period - Shot by Kevin Fiala.
1:33 of 1st overtime period - Stopped by Kevin Lankinen with a rebound.
2:24 of 1st overtime period - Icing by Kevin Fiala.
2:25 of 1st overtime period - Kevin Fiala wins face-off versus Yanni Gourde in Penguins zone.
2:54 of 1st overtime period - Shot by Logan Couture.
2:54 of 1st overtime period - Shot Blocked by Justin Faulk.
3:18 of 1st overtime period - Shot by Phil Kessel.
3:18 of 1st overtime period - Stopped by Kevin Lankinen without a rebound.
3:19 of 1st overtime period - Josh Anderson wins face-off versus Nico Hischier in Blues zone.
3:56 of 1st overtime period - Shot by Josh Anderson.
3:56 of 1st overtime period - Shot Misses the Net.
4:17 of 1st overtime period - Shot by Logan O'Connor.
4:17 of 1st overtime period - Shot Blocked by Clayton Keller.
4:59 of 1st overtime period - Off-side.
Goals for this period are 0 for Penguins vs 0 for Blues.
Shots for this period are 4 for Penguins vs 0 for Blues.

ShootOut


5:00 of 1st overtime period - Round #1.
5:00 of 1st overtime period - Penguins, Kevin Fiala.
5:00 of 1st overtime period - Stopped by Kevin Lankinen.
5:00 of 1st overtime period - Blues, Jack Eichel.
5:00 of 1st overtime period - Goal by Jack Eichel.
5:00 of 1st overtime period - Round #2.
5:00 of 1st overtime period - Penguins, Cole Caufield.
5:00 of 1st overtime period - Stopped by Kevin Lankinen.
5:00 of 1st overtime period - Blues, Clayton Keller.
5:00 of 1st overtime period - Shot Misses the Net.
5:00 of 1st overtime period - Round #3.
5:00 of 1st overtime period - Penguins, Josh Anderson.
5:00 of 1st overtime period - Stopped by Kevin Lankinen.